AoeStats
← Mih Imperatore

Arabia

510163175Analyzed
1v1 RM · 2d ago on Sep 29, 2026· 45m 58s· 2 players
Game mode
Random Map
Map size
Tiny (2 player)
Population
200
Speed
Normal
Resources
Standard
Victory
Conquest
Starting age
Dark Age
Ending age
Imperial Age
RankedLock teamsTeams togetherTeam positionsShared explorationLock speedFull tech treeHidden civsTurbo modeCheats
Victory
Defeat
🇷🇴 Chinese · Romania
1117
+17
🇧🇷 Varangians · Brazil
1133
-17
Mih Imperatore
0:45 Loom
11:08 Feudal Age
11:46 Horse Collar
11:52 Double-Bit Axe
16:45 Stone Mining
16:47 Gold Mining
21:32 Castle Age
21:17 Fletching
21:27 Padded Archer Armor
23:17 Bow Saw
23:08 Heavy Plow
28:57 Gold Shaft Mining
28:27 Bodkin Arrow
28:48 Leather Archer Armor
29:12 Ballistics
29:23 Leather Archer Armor
30:48 Murder Holes
31:19 Squires
33:13 Scale Mail Armor
33:23 Forging
33:49 Masonry
33:39 Arson
34:31 Pikeman
35:52 Iron Casting
35:33 Chain Mail Armor
39:16 Imperial Age
37:27 Chain Mail Armor
38:49 Stone Shaft Mining
41:48 Chemistry
40:59 Bracer
41:31 Ring Archer Armor
42:38 Wheelbarrow
42:22 Halberdier
BodeDaGod
5:38 Loom
9:58 Feudal Age
10:46 Double-Bit Axe
14:44 Bloodlines
18:33 Horse Collar
19:31 Wheelbarrow
22:48 Castle Age
21:17 Gold Mining
22:25 Forging
22:48 Scale Barding Armor
25:36 Bow Saw
26:14 Chain Barding Armor
39:52 Imperial Age
37:24 Husbandry
38:03 Iron Casting
37:53 Stone Mining
39:58 Fletching
40:04 Cavalier
42:08 Plate Barding Armor
41:48 Vendel Legacy
Connection lost

Rejoining the realm…

Still unreachable

The connection could not be restored.

Session expired

The server has moved on; the page needs a fresh start.